 Dungeon Crawl Stone Soup version 0.20-a0-350-ga83eecc (webtiles) character file.

51 HAL9000 the Vexing (level 3, 0/24 HPs)
             Began as a Vine Stalker Enchanter on Dec 23, 2016.
             Succumbed to an adder's poison
             ... on level 2 of the Dungeon.
             The game lasted 00:03:37 (1473 turns).

HAL9000 the Vexing (Vine Stalker Enchanter)         Turns: 1473, Time: 00:03:38

Health: 0/24       AC:  3    Str: 19    XL:     3   Next: 83%
Magic:  0/7        EV: 12    Int: 15    God:
Gold:   76         SH:  0    Dex: 14    Spells: 3/6 levels left

rFire  . . .     SeeInvis .     a - +1 dagger
rCold  . . .     Gourm    .     b - +1 robe
rNeg   . . .     Faith    .     (no shield)
rPois  .         Spirit   +     (no helmet)
rElec  .         Reflect  .     (no cloak)
rCorr  .         Harm     .     (no gloves)
MR     .....                    (no boots)
Stlth  ..........               l - amulet of magic regeneration
                                (no ring)
                                j - +3 ring of strength

@: berserking, lethally poisoned (0 -> -3), very slightly contaminated, very
quick
A: fangs 2, magic shield, antimagic bite, no device heal 3, rot immunity
a: no special abilities


You were on level 2 of the Dungeon.
You were hungry.

You visited 1 branch of the dungeon, and saw 2 of its levels.

You collected 76 gold pieces.

Inventory:

Hand Weapons
 a - a +1 dagger (weapon)
Armour
 b - a +1 robe (worn)
Jewellery
 j - a +3 ring of strength (left hand)
 l - an amulet of magic regeneration (around neck)
Scrolls
 e - a scroll of identify {unknown}
 f - 2 scrolls of enchant armour {unknown}
 g - a scroll of amnesia {unknown}
 k - a scroll of remove curse {unknown}
 m - a scroll of enchant weapon {unknown}
Books
 c - a book of Maledictions

   Spells                             Type                      Level
   a - Corona                         Hexes                        1
   b - Ensorcelled Hibernation        Hexes/Ice                    2
   c - Confuse                        Hexes                        3
   d - Tukima's Dance                 Hexes                        3
   e - Dazzling Spray                 Conjuration/Hexes            3
Comestibles
 d - 2 bread rations


   Skills:
 + Level 2.0 Short Blades
 - Level 1.5 Dodging
 - Level 3.6 Stealth
 - Level 2.1 Spellcasting
 * Level 4.1 Hexes


You had 3 spell levels left.
You knew the following spells:

 Your Spells              Type           Power        Failure   Level  Hunger
a - Corona                Hex            ##.....      4%          1    #......
z - Ensorcelled Hibernat  Hex/Ice        #.....       14%         2    ###....


Dungeon Overview and Level Annotations

Branches:
Dungeon (2/15)

Altars:
The Shining One


Innate Abilities, Weirdness & Mutations

You have extremely sharp teeth.
When hurt, damage is shared between your health and your magic reserves.
Your bite disrupts and absorbs the magic of your enemies.
Potions cannot restore your health.
You are immune to rotting.


Message History

You feel sick.
Casting: Ensorcelled Hibernation
Confirm with . or Enter, or press ? or * to list all spells.
Aiming: Ensorcelled Hibernation
Press: ? - help, Shift-Dir - straight line, f - adder
Aim: an adder (chance to defeat MR: 48%)
The adder resists with some effort.
The adder bites you. The adder closely misses you.
It was a potion of heal wounds.
That seemed strangely inert.
The adder bites you.
* * * LOW HITPOINT WARNING * * *
The kobold throws a stone.
The stone barely misses you.
It was a potion of berserk rage.
A red film seems to cover your vision as you go berserk!
You feel yourself moving faster!
You feel mighty! The adder closely misses you.
The kobold throws a stone.
The stone barely misses you.
You feel a strong urge to attack something.
You puncture the adder!
The adder is almost dead.
You die...

%.......# #..#####(####...###
........# #..# #..........#
?.$.....###..# ########...#.#
.8....wK')...# #.........##.#
........###K.# #.##########.#
?.$.....# #..# #.# #.###
........# #..# #.##########...##
........###.K###.##.........#..##
........#......S@##.#######......
........#.......(.<.# ###.###.
##########...#####.######...# #.
#.###.######.).....)..###.
#............#######......
#..##.#####..# #..###### #..##.#
#..# #.#.## ## #..##.# #..#
#.##.###. #..##.# #.(# #.##..รท.#


You could see an adder and a kobold.

Vanquished Creatures
  An ooze (D:2)
  3 dart slugs (D:1)
  3 leopard geckos (D:1)
  3 bats
  3 giant cockroaches
  3 hobgoblins
  3 jackals (D:1)
  2 frilled lizards (D:1)
  8 goblins
  3 kobolds
  A rat (D:2)
33 creatures vanquished.

Notes
Turn   | Place    | Note
-------+----------+-------------------------------------------
     0 | D:1      | HAL9000 the Vine Stalker Enchanter began the quest for the Orb.
     0 | D:1      | Reached XP level 1. HP: 9/9 MP: 4/4
    47 | D:1      | Reached skill level 1 in Short Blades
   441 | D:1      | Reached XP level 2. HP: 13/13 MP: 4/6
   445 | D:1      | Learned a level 2 spell: Ensorcelled Hibernation
   861 | D:1      | Reached XP level 3. HP: 16/16 MP: 5/7
  1321 | D:2      | Reached skill level 4 in Hexes
  1377 | D:2      | Found a glowing golden altar of the Shining One.
  1473 | D:2      | Succumbed to an adder's poison

Vault maps used:
D:1:      sevenhm_arrival_forest_fort_small_3, hangedman_decor_push
D:2:      lemuel_upstairs_altar, chequers_temple_overflow_statue_of_worship,
          overflow_temple_1_default, first_bread, kennysheep_generic_room_16

Skill      XL: |  1  2  3 |
---------------+----------+-----
Short Blades   | 1 2 |  2.0
Hexes          | 4 |  4.1
Dodging        | |  1.5
Stealth        | |  3.6
Spellcasting   | |  2.1

Action                   || total
-------------------------++-------
Melee: Dagger            ||    69
       Bite              ||    15
 Cast: Corona            ||     4
       Ensorcelled Hiber ||    10
  Use: Potion            ||     2
 Stab: Sleeping          ||    14
  Eat: Chunk             ||     2
Armor: Robe              ||    15
Dodge: Dodged            ||    34
